 Dungeon Crawl Stone Soup version 0.29.1-1-gd02db6906a (webtiles) character file.

Game seed: 7292122591209884475

3283 LabCoat the Cleaver (level 10, 0/86 HPs)
             Began as a Hill Orc Fighter on Sept 15, 2022.
             Was a Priest of Trog.
             Succumbed to an orc warrior's poison
             ... on level 7 of the Dungeon.
             The game lasted 00:20:51 (5999 turns).

LabCoat the Cleaver (Hill Orc Fighter)              Turns: 5999, Time: 00:20:52

Health: 0/86       AC: 17    Str: 24    XL:     10   Next: 0%
Magic:  10/10      EV:  6    Int:  8    God:    Trog [***...]
Gold:   341        SH:  5    Dex: 10    Spells: 9/9 levels left

rFire   . . .      SeeInvis .   a - +1 war axe (vorpal)
rCold   . . .      Faith    .   c - +0 buckler
rNeg    . . .      Spirit   .   o - +0 plate armour
rPois   .          Reflect  .   h - +0 helmet
rElec   .          Harm     .   B - +0 cloak
rCorr   .          Rampage  .   f - +0 pair of gloves
Will    +....                   (no boots)
Stlth   ..........              (no amulet)
HPRegen 0.24/turn               q - ring of willpower
MPRegen 0.12/turn               (no ring)

@: lethally poisoned (0 -> -2), on berserk cooldown, attractive, flying, slowed,
very slow
A: no striking features
a: Renounce Religion, Berserk, Trog's Hand


You were on level 7 of the Dungeon.
You worshipped Trog.
Trog was most pleased with you.
You visited 2 branches of the dungeon, and saw 8 of its levels.

You collected 341 gold pieces.

Inventory:

Hand Weapons
 a - a +1 vorpal war axe (weapon)
 s - a +0 morningstar
 v - a +4 antimagic flail
Missiles
 l - 11 poisoned darts
 u - 5 boomerangs (quivered)
Armour
 c - a +0 buckler (worn)
 f - a +0 pair of gloves (worn)
 h - a +0 helmet (worn)
 o - a +0 plate armour (worn)
 B - a +0 cloak (worn)
Jewellery
 k - a ring of flight
 q - a ring of willpower (left hand)
 x - a +6 ring of intelligence
Wands
 p - a wand of digging (1)
 y - a wand of charming (10)
Scrolls
 m - a scroll of teleportation
 r - a scroll of blinking
 A - a scroll of enchant weapon
 C - a scroll of fear
Potions
 b - 2 potions of lignification
 d - a potion of might
 e - 2 potions of magic
 g - 2 potions of berserk rage
 i - 2 potions of brilliance
 j - a potion of mutation {unknown}
 n - a potion of flight
 t - 2 potions of attraction
 z - 2 potions of heal wounds {unknown}
 D - a potion of invisibility {unknown}


   Skills:
 + Level 7.6 Fighting
 * Level 10.8 Axes
 + Level 3.1 Throwing
 + Level 7.0 Armour
 + Level 7.0 Shields
 + Level 3.4 Evocations


You had 9 spell levels left.
You didn't know any spells.
Your spell library contained the following spells:

 Spells                   Type           Power      Damage    Failure   Level
 Dazzling Flash           Conj/Hex       0%         N/A       100%        3
 Ozocubu's Armour         Ice            0%         N/A       100%        3
 Iskenderun's Mystic Bla  Conj/Tloc      0%         2d3       100%        4
 Metabolic Englaciation   Hex/Ice        0%         N/A       100%        5
 Simulacrum               Ice/Necr       0%         N/A       100%        6
 Starburst                Conj/Fire      0%         6d3       100%        6


Dungeon Overview and Level Annotations

Branches:
Dungeon (7/15)             Temple (1/1) D:7

Altars:
Ashenzari
Cheibriados
Dithmenos
Elyvilon
Fedhas
Gozag
Makhleb
Okawaru
Qazlal
Ru
Trog
Uskayaw
Wu Jian
Zin
The Shining One

Shops:
D:7 :


Message History

The orc warrior hits you with a +0 glaive of venom!
* * * LOW HITPOINT WARNING * * *
You feel better.
The orc warrior hits you with a +0 glaive of venom!
* * * LOW HITPOINT WARNING * * *
You are poisoned.
A red film seems to cover your vision as you go berserk!
You feel yourself moving faster!
You feel mighty!
You feel very sick.
The orc warrior hits you with a +0 glaive of venom!!
* * * LOW HITPOINT WARNING * * *
You slice the orc warrior!!
You kill the orc warrior!
Trog accepts your kill.
* * * LOW HITPOINT WARNING * * *
You feel sick.
You have reached level 10!
You feel stronger.
* * * LOW HITPOINT WARNING * * *
You feel sick.
Things that are here:
a +0 glaive of venom; a +0 plate armour You feel a strong urge to attack something.
* * * LOW HITPOINT WARNING * * *
You feel sick.
* * * LOW HITPOINT WARNING * * *
You feel sick.
You feel your anger nearly subside.
You are no longer berserk.
You are exhausted.
You feel yourself slow down.
* * * LOW HITPOINT WARNING * * *
You feel sick.
It was a potion of flight.
You feel very buoyant.
You fly up into the air.
* * * LOW HITPOINT WARNING * * *
You feel sick.
It was a potion of attraction.
You feel attractive to monsters.
You die...

#############.##..............#.>
# #............#....##...........
###......#######..).##.#.>....⌠.⌠
.).......'......)).........#..8.8
.###.....##....)........ # #.....
.###.....##.....)...##.# ....####
...+.....++.........# .....
..##.....##.........## ..... ##
..##..##........@....# .....###.
..##..##.####.#.##...# .#.......
..##..##.# #.#......#.#.#.......
.... #.# #.#......#.#.#.......
...#. #.# #.#......#.#.#.......
...#.###.####.#......#.#.#.......
.........))<.......#.#.........
####.#.....).........#.#......##.
.....#.##.###.##.......#......##.


There were no monsters in sight!

Vanquished Creatures
  Pikel (D:6)
  Sigmund (D:6)
  A water moccasin (D:6)
  2 orc warriors (D:7)
  2 sky beasts
  A hornet zombie (D:5)
  An ogre (D:6)
  2 black bears
  2 lemures (D:6)
  2 phantoms
  Blork the orc (D:6)
  A bullfrog (D:7)
  A necrophage (D:4)
  A water moccasin zombie (D:5)
  A wyvern zombie (D:5)
  3 scorpions
  A howler monkey (D:5)
  4 hounds
  Crazy Yiuf (D:6)
  2 jellies
  10 orc priests
  9 orc wizards
  Natasha (D:4)
  4 iguanas
  A killer bee zombie (D:5)
  5 hound zombies (D:5)
  8 adders
  2 shadow imps (D:7)
  2 white imps (D:6)
  An adder zombie (D:5)
  A worm (D:2)
  A dart slug (D:3)
  30 orcs
  10 ball pythons
  5 bats
  8 endoplasms
  7 giant cockroaches
  5 goblins
  11 hobgoblins
  9 jackals
  12 kobolds
  6 quokkas
  4 frilled lizards (D:1)
  4 rats
187 creatures vanquished.

Vanquished Creatures (others)
  13 withered plants (D:5)
13 creatures vanquished.

Grand Total: 200 creatures vanquished

Notes
Turn   | Place    | Note
-------+----------+-------------------------------------------
     0 | D:1      | LabCoat the Hill Orc Fighter began the quest for the Orb.
     0 | D:1      | Reached XP level 1. HP: 19/19 MP: 1/1
   101 | D:1      | Reached skill level 3 in Axes
   237 | D:1      | Reached XP level 2. HP: 26/27 MP: 2/2
   593 | D:1      | Reached XP level 3. HP: 33/33 MP: 3/3
   623 | D:1      | Found a faded altar of an unknown god.
  1194 | D:2      | Reached skill level 4 in Axes
  1263 | D:2      | Reached XP level 4. HP: 40/40 MP: 4/4
  1351 | D:2      | Found a bloodstained altar of Trog.
  1359 | D:2      | Became a worshipper of Trog the Wrathful
  2107 | D:3      | Reached XP level 5. HP: 32/47 MP: 5/5
  2434 | D:3      | Reached * piety under Trog
  2527 | D:3      | Reached skill level 5 in Axes
  2737 | D:4      | Noticed a black bear
  2743 | D:4      | Killed a black bear
  2744 | D:4      | Reached XP level 6. HP: 49/55 MP: 6/6
  2866 | D:4      | Found an iron altar of Okawaru.
  2867 | D:4      | Found a shadowy altar of Dithmenos.
  2885 | D:4      | Reached skill level 5 in Fighting
  2885 | D:4      | Reached skill level 6 in Axes
  3038 | D:4      | Noticed Natasha
  3046 | D:4      | Killed Natasha
  3047 | D:4      | Reached XP level 7. HP: 55/61 MP: 7/7
  3424 | D:4      | Reached skill level 7 in Axes
  3424 | D:4      | Reached skill level 5 in Armour
  3424 | D:4      | Reached skill level 5 in Shields
  3673 | D:4      | You fall into a shaft and drop 2 floors!
  3702 | D:6      | Noticed Blork the orc
  3709 | D:6      | Killed Blork the orc
  3712 | D:6      | Reached ** piety under Trog
  3716 | D:5      | Entered Level 5 of the Dungeon
  3855 | D:4      | Found a bloodstained altar of Trog.
  4054 | D:5      | Reached XP level 8. HP: 70/70 MP: 8/8
  4094 | D:5      | Found an opulent altar of Gozag.
  4141 | D:5      | Reached skill level 8 in Axes
  4299 | D:5      | Reached skill level 1 in Evocations
  4302 | D:5      | Reached skill level 1 in Throwing
  4439 | D:5      | Found a white marble altar of Elyvilon.
  4500 | D:5      | Found a glowing silver altar of Zin.
  4680 | D:6      | Noticed Pikel
  4699 | D:6      | Killed Pikel
  4700 | D:6      | Reached skill level 9 in Axes
  4700 | D:6      | Reached XP level 9. HP: 76/78 MP: 9/9
  4719 | D:5      | Reached *** piety under Trog
  5043 | D:6      | Noticed Sigmund
  5050 | D:6      | Killed Sigmund
  5051 | D:6      | Reached skill level 10 in Axes
  5115 | D:6      | Found an ornate altar of the Wu Jian Council.
  5225 | D:6      | Found a runed translucent door.
  5226 | D:6      | Noticed Crazy Yiuf
  5231 | D:6      | Killed Crazy Yiuf
  5809 | D:7      | Found a staircase to the Ecumenical Temple.
  5826 | Temple   | Entered the Ecumenical Temple
  5913 | D:7      | Found Jyamuen's Book Emporium.
  5994 | D:7      | Reached XP level 10. HP: 9/86 MP: 10/10
  5995 | D:7      | HP: 6/129 [poisoned by an orc warrior]
  5998 | D:7      | HP: 1/86 [poisoned by an orc warrior]
  5999 | D:7      | Succumbed to an orc warrior's poison

Illustrated notes

Levels and vault maps discovered:
D:1:      co_arrival_random_square_maze, layout_loops_cross,
          shapermc_ecumenical_altar_starsandcircs
D:2:      layout_basic, basic_altar
D:3:      layout_basic, kennysheep_crisscross
D:4:      layout_cave_pods, trog_hazing_becter, nicolae_overflow_squiral,
          minmay_misc_feat_four_crosses, uniq_natasha
D:5:      layout_rooms, pdpol_temple_overflow_zin_treasury_gozag_greed,
          lemuel_doored_altar, serial_undead, serial_undead_b, serial_undead_c,
          serial_undead_e, serial_undead_f, serial_undead_e, serial_undead_b,
          serial_undead_d, serial_undead_e
D:6:      layout_rooms, nicolae_wu_jian_wuxing_cycle, uniq_crazy_yiuf_cottage,
          uniq_pikel, uniq_sigmund, uniq_blork_the_orc
D:7:      layout_basic, mainiacjoe_overflow_tiny_flanked,
          minmay_temple_entry_drinking_statues, serial_shops,
          nicolae_shop_behind_doors
Temple:   hellmonk_temple_of_storms

Skill      XL: |  1  2  3  4  5  6  7  8  9 |
---------------+----------------------------+-----
Axes           | 3 4 5 6 7 9 10 | 10.8
Fighting       | 4 5 6 7 |  7.6
Armour         | 4 5 6 7 |  7.0
Shields        | 4 5 6 7 |  7.0
Evocations     | 2 3 |  3.4
Throwing       | 2 3 |  3.1

Action                   |  1- 3 |  4- 6 |  7- 9 | 10-12 || total
-------------------------+-------+-------+-------+-------++-------
Melee: War axe           |   124 |   166 |   268 |       ||   558
Throw: Dart              |       |     2 |     2 |       ||     4
       Boomerang         |       |       |    38 |       ||    38
Invok: Berserk           |       |       |     1 |       ||     1
Evoke: Wand              |       |     2 |     3 |       ||     5
  Use: Scroll            |     4 |     7 |     3 |       ||    14
       Potion            |       |     1 |     4 |     2 ||     7
 Stab: Betrayed ally     |       |       |     1 |       ||     1
Armor: Scale mail        |    66 |       |       |       ||    66
       Chain mail        |    13 |    49 |       |       ||    62
       Plate armour      |       |    81 |   188 |       ||   269
Dodge: Dodged            |    55 |    43 |    81 |       ||   179
Block: Buckler           |    31 |    36 |    55 |       ||   122
